General information
			
			
        
        - name: 1v1 Obs from 0bs w/ <21
 
        - type: Custom game
 
        - host: ElectricCoolAid
 
        - saver: TIMG4STRok
 
        
map: EchoIsles 
        - players: 7
 
        - length: 12:17
 
        - speed: Fast
 - version: 1.22 W3XP
 - replay type:  

 
» download(47 KB)
Players
        team 1 (winner) 
              
              
» 
TIMG4STRok (
gray | 120 APM | 1478 actions | 12:17)
              
 4 Beastmaster 
 2 Summon Bear
 2 Summon Hawk
 3 Keeper of the Grove 
 2 Force of Nature
 1 Thorns Aura
 
                » actions 
                
                | Assign group hotkey | 27 |  | 
| Basic commands | 47 |  | 
| Build / train | 53 |  | 
| ESC pressed | 3 |  | 
| Enter build submenu | 12 |  | 
| Enter hero's abilities submenu | 7 |  | 
| Right click | 683 |  | 
| Select / deselect | 197 |  | 
| Select group hotkey | 408 |  | 
| Use ability | 41 |  | 
                1478 total
 » units 
                
                | Wisp | 18 |  | 
| Archer | 11 |  | 
| Faerie Dragon | 3 |  | 
| Druid of the Talon | 5 |  | 
| Druid of the Claw | 1 |  | 
| Hippogryph | 1 |  | 
                39 total
 » upgrades
                
                | Improved Bows | 1 |  | 
| Druid of the Claw Training | 1 |  | 
                2 total
 » buildings
                
                | Altar of Elders | 1 |  | 
| Moon Well | 4 |  | 
| Ancient of War | 2 |  | 
| Tree of Ages | 1 |  | 
| Hunter's Hall | 1 |  | 
| Ancient of Wind | 1 |  | 
| Ancient of Wonders | 1 |  | 
| Ancient of Lore | 1 |  | 
| Tree of Life | 1 |  | 
                13 total
 » build order
                00:08 Altar of Elders
00:21 Moon Well
01:02 Ancient of War
02:39 Tree of Ages
02:55 Moon Well
04:22 Hunter's Hall
04:38 Ancient of War
05:06 Ancient of Wind
05:08 Ancient of Wonders
05:23 Moon Well
05:48 Moon Well
07:06 Ancient of Lore
07:53 Tree of Life
» items
                 
               team 2 (loser) 
              
              
bLinn (
purple | 105 APM | 1294 actions | 12:16)
              
 3 Naga Sea Witch 
 2 Frost Arrows
 1 Forked Lightning
 2 Goblin Alchemist 
 1 Chemical Rage
 1 Healing Spray
 
                » actions 
                
                | Assign group hotkey | 57 |  | 
| Basic commands | 15 |  | 
| Build / train | 57 |  | 
| ESC pressed | 2 |  | 
| Enter build submenu | 26 |  | 
| Enter hero's abilities submenu | 5 |  | 
| Remove unit from queue | 4 |  | 
| Right click | 654 |  | 
| Select / deselect | 208 |  | 
| Select group hotkey | 220 |  | 
| Use ability | 46 |  | 
                1294 total
 » units 
                
                | Peon | 12 |  | 
| Troll Headhunter/Berserker | 15 |  | 
| Forest Troll Shadow Priest | 1 |  | 
| Forest Troll Berserker | 1 |  | 
| Demolisher | 1 |  | 
                30 total
 » upgrades
                » buildings
                
                | Orc Burrow | 4 |  | 
| Barracks | 2 |  | 
| War Mill | 1 |  | 
| Altar of Storms | 1 |  | 
| Watch Tower | 8 |  | 
| Stronghold | 3 |  | 
| Voodoo Lounge | 1 |  | 
                20 total
 » build order
                00:07 Orc Burrow
00:10 Barracks
00:42 War Mill
01:15 Altar of Storms
02:45 Orc Burrow
02:58 Watch Tower
04:15 Stronghold
04:15 Stronghold
04:23 Voodoo Lounge
04:47 Orc Burrow
05:14 Barracks
05:58 Watch Tower
06:16 Orc Burrow
09:52 Watch Tower
10:20 Watch Tower
10:20 Watch Tower
10:21 Watch Tower
10:55 Watch Tower
10:56 Watch Tower
» items
                
                | Healing Salve | 3 |  | 
| Scroll of Speed | 2 |  | 
| Lesser Clarity Potion | 2 |  | 
                7 total
  
               observersElectricCoolAid, 
ActionJackson3, 
Critique, 
frombehide, 
greedoFthenoob Chat log
          (00:16 / All) bLinn: ETA
(12:15 / All) bLinn: fucking lucker noob..